% Time on Ice - PORTLAND PIRATES
Lines # - Real PCT - Wanted PCT - Time Play
Normal Forward
1 - 35% - 34% - 18:44
2 - 33% - 32% - 17:18
3 - 23% - 24% - 12:20
4 - 9% - 10% - 4:30
Normal Defense
1 - 34% - 34% - 18:07
2 - 35% - 34% - 18:43
3 - 21% - 22% - 11:15
4 - 9% - 10% - 4:47
PP Forward
1 - 64% - 60% - 3:50
2 - 36% - 40% - 2:07
PP Defense
1 - 39% - 60% - 2:18
2 - 61% - 40% - 3:39
PK Forward
1 - 100% - 60% - 0:45
2 - 0% - 40% - 0:00
PK Defense
1 - 38% - 60% - 0:17
2 - 62% - 40% - 0:28
PK3 Forward
1 - 0% - 55%
2 - 0% - 45%
PK3 Defense
1 - 0% - 55%
2 - 0% - 45%
44 Forward
1 - 0% - 55%
2 - 0% - 45%
44 Defense
1 - 0% - 55%
2 - 0% - 45%
Last Minute Offensive  - 0:00
Last Minute Defensive  - 0:26
Total
Forward - 60:00
Defense - 60:00
% Time on Ice - SASKATOON DUCKS
Lines # - Real PCT - Wanted PCT - Time Play
Normal Forward
1 - 34% - 36% - 18:23
2 - 28% - 31% - 15:08
3 - 21% - 23% - 11:24
4 - 16% - 10% - 8:23
Normal Defense
1 - 34% - 36% - 18:10
2 - 32% - 31% - 16:55
3 - 25% - 23% - 13:11
4 - 9% - 10% - 5:02
PP Forward
1 - 0% - 55% - 0:00
2 - 100% - 45% - 0:45
PP Defense
1 - 0% - 55% - 0:00
2 - 100% - 45% - 0:45
PK Forward
1 - 61% - 55% - 3:36
2 - 39% - 45% - 2:21
PK Defense
1 - 51% - 55% - 3:01
2 - 49% - 45% - 2:56
PK3 Forward
1 - 0% - 55%
2 - 0% - 45%
PK3 Defense
1 - 0% - 55%
2 - 0% - 45%
44 Forward
1 - 0% - 55%
2 - 0% - 45%
44 Defense
1 - 0% - 55%
2 - 0% - 45%
Last Minute Offensive  - 0:00
Last Minute Defensive  - 0:00
Total
Forward - 60:00
Defense - 60:00
Play-by-Play 1st period 0:01 of 1st period - Mika Zibanejad wins face-off versus Sidney Crosby in neutral zone. 0:14 of 1st period - Shot by Robert Thomas. 0:14 of 1st period - Stopped by Anton Forsberg without a rebound. 0:15 of 1st period - Ivan Barbashev wins face-off versus Yanni Gourde in SASKATOON DUCKS zone. 0:24 of 1st period - Shot by Chandler Stephenson. 0:24 of 1st period - Shot Misses the Net. 0:26 of 1st period - Shot by Brian Dumoulin. 0:26 of 1st period - Shot Misses the Net. 0:28 of 1st period - Shot by Thomas Chabot. 0:28 of 1st period - Stopped by Anton Forsberg without a rebound. 0:29 of 1st period - Michael Amadio wins face-off versus Paul Stastny in SASKATOON DUCKS zone. 0:52 of 1st period - Shot by Kasperi Kapanen. 0:52 of 1st period - Stopped by Cameron Talbot without a rebound. 0:53 of 1st period - Mika Zibanejad wins face-off versus Milan Lucic in PORTLAND PIRATES zone. 1:21 of 1st period - Shot by Robert Thomas. 1:21 of 1st period - Stopped by Anton Forsberg without a rebound. 1:22 of 1st period - Chandler Stephenson wins face-off versus Sidney Crosby in SASKATOON DUCKS zone. 1:27 of 1st period - Shot by Yanni Gourde. 1:27 of 1st period - Stopped by Anton Forsberg without a rebound. 1:28 of 1st period - Michael McLeod wins face-off versus Ivan Barbashev in SASKATOON DUCKS zone. 2:02 of 1st period - Shot by Michael Amadio. 2:02 of 1st period - Goal by Michael Amadio - PORTLAND PIRATES : 1 - SASKATOON DUCKS : 0. 2:03 of 1st period - Sidney Crosby wins face-off versus Chandler Stephenson in neutral zone. 2:58 of 1st period - Icing by Brian Dumoulin. 2:59 of 1st period - Paul Stastny wins face-off versus Mika Zibanejad in PORTLAND PIRATES zone. 3:00 of 1st period - Shot by Kasperi Kapanen. 3:00 of 1st period - Stopped by Cameron Talbot with a rebound. 3:22 of 1st period - Travis Konecny is hit by Paul Stastny and loses puck. 3:46 of 1st period - Robert Thomas is hit by Chris Tanev and loses puck. 4:26 of 1st period - Off-side. 4:27 of 1st period - Chandler Stephenson wins face-off versus Sidney Crosby in neutral zone. 4:40 of 1st period - Shot by Pavel Zacha. 4:40 of 1st period - Shot Misses the Net. 4:42 of 1st period - Shot by Pavel Zacha. 4:42 of 1st period - Stopped by Anton Forsberg without a rebound. 4:43 of 1st period - Ivan Barbashev wins face-off versus Mika Zibanejad in SASKATOON DUCKS zone. 4:45 of 1st period - Icing by Mathieu Joseph. 4:46 of 1st period - Mathieu Joseph wins face-off versus Chandler Stephenson in SASKATOON DUCKS zone. 5:25 of 1st period - Shot by Pavel Zacha. 5:25 of 1st period - Shot Misses the Net. 6:03 of 1st period - Shot by Jake Guentzel. 6:03 of 1st period - Stopped by Cameron Talbot without a rebound. 6:04 of 1st period - Nils Aman wins face-off versus Jonathan Toews in PORTLAND PIRATES zone. 6:13 of 1st period - Shot by Milan Lucic. 6:13 of 1st period - Goal by Milan Lucic - PORTLAND PIRATES : 1 - SASKATOON DUCKS : 1. 6:14 of 1st period - Mika Zibanejad wins face-off versus Sidney Crosby in neutral zone. 7:47 of 1st period - Shot by Mathieu Joseph. 7:47 of 1st period - Stopped by Cameron Talbot with a rebound. 7:49 of 1st period - Shot by Mathieu Joseph. 7:49 of 1st period - Stopped by Cameron Talbot without a rebound. 7:50 of 1st period - Paul Stastny wins face-off versus Chandler Stephenson in PORTLAND PIRATES zone. 9:41 of 1st period - Shot by Jake Guentzel. 9:41 of 1st period - Shot Misses the Net. 10:47 of 1st period - Shot by Mika Zibanejad. 10:47 of 1st period - Stopped by Anton Forsberg with a rebound. 10:49 of 1st period - Shot by Robert Thomas. 10:49 of 1st period - Shot Misses the Net. 10:59 of 1st period - Shot by Mika Zibanejad. 10:59 of 1st period - Stopped by Anton Forsberg without a rebound. 11:00 of 1st period - Chandler Stephenson wins face-off versus Nils Aman in SASKATOON DUCKS zone. 11:22 of 1st period - Shot by Pavel Zacha. 11:22 of 1st period - Goal by Pavel Zacha - PORTLAND PIRATES : 2 - SASKATOON DUCKS : 1. 11:23 of 1st period - Chandler Stephenson wins face-off versus Ivan Barbashev in neutral zone. 11:25 of 1st period - Yanni Gourde is hit by Jaycob Megna and loses puck. 11:43 of 1st period - Minor Penalty to Mathieu Joseph for High sticking. 11:44 of 1st period - Mika Zibanejad wins face-off versus Sidney Crosby in SASKATOON DUCKS zone. 12:06 of 1st period - Mika Zibanejad is hit by Ben Chiarot. 12:40 of 1st period - Samuel Girard is hit by Robert Thomas and loses puck. 13:42 of 1st period - Shot by Travis Konecny. 13:42 of 1st period - Shot Misses the Net. 13:48 of 1st period - Shot by Michael Amadio. 13:48 of 1st period - Shot Blocked by Jaycob Megna. 13:52 of 1st period - Shot by Jonathan Toews. 13:52 of 1st period - Stopped by Anton Forsberg without a rebound. 13:53 of 1st period - Jonathan Toews wins face-off versus Kailer Yamamoto in SASKATOON DUCKS zone. 13:54 of 1st period - Shot by William Carrier. 13:54 of 1st period - Stopped by Anton Forsberg without a rebound. 13:55 of 1st period - Jonathan Toews wins face-off versus Ivan Barbashev in SASKATOON DUCKS zone. 14:49 of 1st period - Shot by Mika Zibanejad. 14:49 of 1st period - Shot Blocked by Ben Chiarot. 14:51 of 1st period - Shot by Robert Thomas. 14:51 of 1st period - Deflect By Mika Zibanejad. 14:51 of 1st period - Shot Misses the Net. 15:07 of 1st period - Shot by Thomas Chabot. 15:07 of 1st period - Shot Misses the Net. 16:08 of 1st period - Shot by Chandler Stephenson. 16:08 of 1st period - Stopped by Anton Forsberg without a rebound. 16:09 of 1st period - Sidney Crosby wins face-off versus Jonathan Toews in SASKATOON DUCKS zone. 17:16 of 1st period - Shot by Robert Thomas. 17:16 of 1st period - Stopped by Anton Forsberg without a rebound. 17:17 of 1st period - Pavel Zacha wins face-off versus Kasperi Kapanen in SASKATOON DUCKS zone. 17:18 of 1st period - Shot by Chandler Stephenson. 17:18 of 1st period - Shot Misses the Net. 17:20 of 1st period - Shot by Chandler Stephenson. 17:20 of 1st period - Shot Blocked by Chris Tanev. 17:36 of 1st period - Shot by Kasperi Kapanen. 17:36 of 1st period - Stopped by Cameron Talbot without a rebound. 17:37 of 1st period - Mika Zibanejad wins face-off versus Nils Aman in PORTLAND PIRATES zone. 17:37 of 1st period - Mika Zibanejad is hit by Matt Martin. 18:08 of 1st period - Shot by Mika Zibanejad. 18:08 of 1st period - Deflect By Robert Thomas. 18:08 of 1st period - Shot Blocked by Jake Sanderson. 18:10 of 1st period - Shot by Travis Konecny. 18:10 of 1st period - Shot Misses the Net. 18:12 of 1st period - Shot by Robert Thomas. 18:12 of 1st period - Deflect By Travis Konecny. 18:12 of 1st period - Shot Misses the Net. 18:14 of 1st period - Shot by Travis Konecny. 18:14 of 1st period - Stopped by Anton Forsberg without a rebound. 18:15 of 1st period - Sidney Crosby wins face-off versus Chandler Stephenson in SASKATOON DUCKS zone. 18:15 of 1st period - Sidney Crosby is hit by Yanni Gourde. 18:39 of 1st period - Shot by Sidney Crosby. 18:39 of 1st period - Shot Blocked by Travis Hamonic. 18:51 of 1st period - Shot by John Tavares. 18:51 of 1st period - Stopped by Cameron Talbot without a rebound. 18:52 of 1st period - Jonathan Toews wins face-off versus Paul Stastny in PORTLAND PIRATES zone. 19:03 of 1st period - Shot by Jonathan Toews. 19:03 of 1st period - Shot Misses the Net. 19:15 of 1st period - Shot by Kailer Yamamoto. 19:15 of 1st period - Stopped by Cameron Talbot without a rebound. 19:16 of 1st period - Robert Thomas wins face-off versus Ivan Barbashev in PORTLAND PIRATES zone. 19:48 of 1st period - Shot by Mathieu Joseph. 19:48 of 1st period - Shot Misses the Net. 19:50 of 1st period - Shot by Mathieu Joseph. 19:50 of 1st period - Stopped by Cameron Talbot without a rebound. 19:51 of 1st period - Jonathan Toews wins face-off versus Sidney Crosby in PORTLAND PIRATES zone. Goals for this period are 2 for PORTLAND PIRATES vs 1 for SASKATOON DUCKS. Shots for this period are 14 for PORTLAND PIRATES vs 10 for SASKATOON DUCKS. 2nd period 0:01 of 2nd period - Sidney Crosby wins face-off versus Jonathan Toews in neutral zone. 0:16 of 2nd period - Shot by John Tavares. 0:16 of 2nd period - Shot Blocked by Brett Pesce. 0:18 of 2nd period - Shot by John Tavares. 0:18 of 2nd period - Shot Misses the Net. 0:20 of 2nd period - Shot by Samuel Girard. 0:20 of 2nd period - Shot Misses the Net. 0:42 of 2nd period - Shot by Jake Guentzel. 0:42 of 2nd period - Shot Misses the Net. 0:44 of 2nd period - Shot by John Tavares. 0:44 of 2nd period - Stopped by Cameron Talbot without a rebound. 0:45 of 2nd period - Robert Thomas wins face-off versus Paul Stastny in PORTLAND PIRATES zone. 0:45 of 2nd period - Robert Thomas is hit by Kasperi Kapanen. 0:50 of 2nd period - Travis Konecny is hit by Kasperi Kapanen and loses puck. 2:18 of 2nd period - Chandler Stephenson is hit by Jake Guentzel and loses puck. 2:25 of 2nd period - Shot by Marc Staal. 2:25 of 2nd period - Shot Misses the Net. 2:57 of 2nd period - Shot by William Carrier. 2:57 of 2nd period - Shot Misses the Net. 3:00 of 2nd period - Icing by Chris Tanev. 3:01 of 2nd period - Ivan Barbashev wins face-off versus Mika Zibanejad in SASKATOON DUCKS zone. 3:01 of 2nd period - Ivan Barbashev is hit by Mika Zibanejad. 3:12 of 2nd period - Travis Konecny is hit by Chris Tanev and loses